 Dungeon Crawl Stone Soup version 0.19-a0-1170-g18f0c96 (webtiles) character file.

16 jacquesderrida the Grave Robber (level 2, 0/22 HPs)
             Began as a Minotaur Necromancer on Aug 17, 2016.
             Was an Initiate of Hepliaklqana.
             Slain by an orc (2 damage)
             ... on level 3 of the Dungeon.
             The game lasted 00:03:18 (427 turns).

jacquesderrida the Grave Robber (MiNe)               Turns: 427, Time: 00:03:19

Health: 0/22       AC:  2    Str: 11 (12) XL:     2   Next: 41%
Magic:  0/3        EV: 12    Int:  9 (12) God:    Hepliaklqana [......]
Gold:   14         SH:  0    Dex:  9 (10) Spells: 1 memorised, 2 levels left

rFire  . . .     SeeInvis .     f - +0 dagger
rCold  . . .     Gourm    .     a - +0 robe
rNeg   . . .     Faith    .     (no shield)
rPois  .         Spirit   .     (helmet restricted)
rElec  .         Dismiss  .     (no cloak)
rCorr  .         Reflect  .     (no gloves)
MR     .....     Harm     .     (no boots)
Stlth  +.........               (no amulet)
                                (no ring)
                                (no ring)

@: no status effects
A: retaliatory headbutt, horns 2
a: Recall Ancestor, Ancestor Identity, Renounce Religion


You were on level 3 of the Dungeon.
You worshipped Hepliaklqana.
Hepliaklqana was noncommittal.
You were not hungry.

You visited 1 branch of the dungeon, and saw 3 of its levels.

You collected 14 gold pieces.

Inventory:

Hand Weapons
 f - a +0 dagger (weapon)
Armour
 a - a +0 robe (worn)
Wands
 g - a wand of acid (1/15)
Scrolls
 e - a scroll of fog {unknown}
 h - 2 scrolls of remove curse {unknown}
 i - a scroll of recharging {unknown}
 j - a scroll of identify {unknown}
Books
 b - a book of Necromancy

   Spells                             Type                      Level
   a - Pain                           Necromancy                   1
   b - Animate Skeleton               Necromancy                   1
   c - Vampiric Draining              Necromancy                   3
   d - Regeneration                   Charms/Necromancy            3
   e - Animate Dead                   Necromancy                   4
   f - Control Undead                 Necromancy                   4
 d - a book of Conjurations

   Spells                             Type                      Level
   a - Magic Dart                     Conjuration                  1
   b - Searing Ray                    Conjuration                  2
   c - Dazzling Spray                 Conjuration/Hexes            3
   d - Fulminant Prism                Conjuration/Hexes            4
   e - Iskenderun's Mystic Blast      Conjuration                  4
   f - Iskenderun's Battlesphere      Conjuration/Charms           5
Comestibles
 c - a bread ration


   Skills:
 + Level 2.6 Fighting
 - Level 2.1 Dodging
 - Level 1.5 Stealth
 - Level 1.3 Spellcasting
 - Level 2.9 Necromancy


You had 2 spell levels left.
You knew the following spells:

 Your Spells              Type           Power        Failure   Level  Hunger
a - Pain                  Necr           #...         12%         1    ##.....


Dungeon Overview and Level Annotations

Branches:
Dungeon (3/15)

Altars:
Ashenzari
Dithmenos
Hepliaklqana
Nemelex Xobeh
Ru
Uskayaw
The Shining One


Innate Abilities, Weirdness & Mutations

You reflexively headbutt those who attack you in melee.
You have a pair of horns on your head.


Message History

Casting: Pain
Confirm with . or Enter, or press ? or * to list all spells.
Aiming: Pain
Press: ? - help, Shift-Dir - straight line, f/p - orc
Aim: an orc, wearing a leather armour (chance to defeat MR: 82%)
The orc writhes in agony!
Unknown command.
Casting: Pain
Confirm with . or Enter, or press ? or * to list all spells.
Aiming: Pain
Press: ? - help, Shift-Dir - straight line, f/p - orc
Aim: an orc, wearing a leather armour (heavily wounded, chance to defeat MR: 82%)
The orc writhes in agony!
The orc completely misses you.
Casting: Pain
Confirm with . or Enter, or press ? or * to list all spells.
Aiming: Pain
Press: ? - help, Shift-Dir - straight line, f/p - orc
Aim: an orc, wearing a leather armour (severely wounded, chance to defeat MR: 82%)
The orc struggles to resist.
The orc hits you.
You die...

####### #########
#.....#
#.@oK...####.###.##
#.#####.....(......
#.### #######.##...
#...# #.# . #...#
#.# #...####### #.#
##.##.....# #..
#.##.....# ##.
####........#


K You could see an orc and a kobold.

Vanquished Creatures
  2 worms
  A bat (D:2)
  2 giant cockroaches
  2 hobgoblins (D:2)
  A jackal (D:2)
  A kobold (D:1)
  A rat (D:1)
10 creatures vanquished.

Vanquished Creatures (others)
  2 ancestors (D:3)
2 creatures vanquished.

Grand Total: 12 creatures vanquished

Notes
Turn   | Place    | Note
-------+----------+-------------------------------------------
     0 | D:1      | jacquesderrida the Minotaur Necromancer began the quest for the Orb.
     0 | D:1      | Reached XP level 1. HP: 14/14 MP: 1/1
   121 | D:2      | Reached skill level 1 in Fighting
   204 | D:2      | Reached XP level 2. HP: 14/24 MP: 3/3
   236 | D:2      | Found a glowing golden altar of the Shining One.
   238 | D:2      | Found a hazy altar of Hepliaklqana.
   238 | D:2      | Found a hide-covered altar of Uskayaw.
   238 | D:2      | Found a shattered altar of Ashenzari.
   241 | D:2      | Found a sparkling altar of Nemelex Xobeh.
   241 | D:2      | Found a sacrificial altar of Ru.
   242 | D:2      | Found a shadowy altar of Dithmenos.
   251 | D:2      | Became a worshipper of Hepliaklqana
   427 | D:3      | Slain by an orc

Vault maps used:
D:1:      dpeg_arrival_short_road, serial_co_window_serial,
          co_window_of_opportunity_a, co_window_corner_a,
          co_window_of_opportunity_a, co_window_of_opportunity_a,
          co_window_corner_a, co_window_2corner, co_window_broadway_b,
          co_window_unsneaky_path_e, co_window_corner_ca, co_window_broadway_a,
          co_window_of_opportunity_b, co_window_paths_c, glass_columns_a,
          glass_columns_b
D:2:      grunt_temple_overflow_open, gammafunk_temple_overflow_wave, uniq_robin

Skill      XL: |  1 |
---------------+----+-----
Fighting       | 2 |  2.6
Dodging        | |  2.1
Stealth        | |  1.5
Spellcasting   | |  1.3
Necromancy     | |  2.9

Action                   || total
-------------------------++-------
Melee: Dagger            ||    28
       Unarmed           ||    14
       Headbutt          ||     5
 Cast: Pain              ||     7
Invok: Ancestor Identity ||     2
       Recall Ancestor   ||     1
Evoke: Wand              ||     2
  Use: Potion            ||     3
Armor: Robe              ||    13
Dodge: Dodged            ||    27
